 Dungeon Crawl Stone Soup version 0.18-a0-24-g6e14259 (webtiles) character file.

11269 Duffy the Cleaver (level 11, 92/92 HPs)
             Began as a Naga Berserker on Nov 3, 2015.
             Was a High Priest of Trog.
             Quit the game on level 1 of the Lair of Beasts.
             The game lasted 00:16:33 (10075 turns).

Duffy the Cleaver (Naga Berserker)                 Turns: 10075, Time: 00:16:33

Health: 92/92      AC: 20    Str: 25    XL:     11   Next: 75%
Magic:  11/11      EV:  6    Int:  7    God:    Trog [*****.]
Gold:   353        SH:  0    Dex: 15    Spells: 0 memorised, 10 levels left

rFire  + . .     SeeInvis +     D - +2 battleaxe (freeze)
rCold  + . .     Clarity  .     p - +0 plate armour
rNeg   . . .     SustAt   .     (shield currently unavailable)
rPois  +         Gourm    .     L - +1 helmet of Cocytus {Regen+ Str+3}
rElec  .         Spirit   .     F - +2 cloak {rPois}
rCorr  .         Warding  .     h - +2 pair of gloves {Str+3}
rMut   +         Stasis   .     (no barding)
MR     +....                    i - amulet of resist mutation
Stlth  ..........               (no ring)
                                W - ring "Turphool" {rF+ rC+}

@: very slightly contaminated, very slow, somewhat resistant to hostile
enchantments, extremely unstealthy
A: see invisible, deformed body, deterioration 1, frail 1, poison resistance,
slowness 2, slow regeneration 1, slow metabolism 1, spit poison 2, AC +3
a: Spit Poison, Berserk, Trog's Hand, Brothers in Arms, Burn Spellbooks,
Renounce Religion


You were on level 1 of the Lair of Beasts.
You worshipped Trog.
Trog was extremely pleased with you.
You were not hungry.

You visited 3 branches of the dungeon, and saw 13 of its levels.

You collected 745 gold pieces.
You spent 392 gold pieces at shops.


Innate Abilities, Weirdness & Mutations

You cannot wear boots.
Your serpentine skin is tough (AC +3).
You have supernaturally acute eyesight.
Armour fits poorly on your strangely shaped body.
Your system is resistant to poisons.
You cover ground very slowly.
You have a slow metabolism.
You can spit poison.
Your body sometimes deteriorates upon taking damage.
You are frail (-10% HP).
You regenerate slowly when monsters are visible.


   Skills:
 + Level 7.8 Fighting
 + Level 14.4 Axes
 - Level 6.8 Armour
 + Level 2.4 Dodging


You had 10 spell levels left.
You didn't know any spells.

Inventory:

Hand Weapons
 a - a +0 hand axe
 k - a +0 battleaxe
 D - a +2 battleaxe of freezing (weapon)
 I - a +1 hand axe of freezing
 V - a +0 blowgun
Missiles
 m - 176 stones (quivered)
 z - 5 tomahawks
 E - 23 poisoned needles
Armour
 h - a +2 pair of gloves of strength (worn)
 p - a +0 plate armour (worn)
 F - a +2 cloak of poison resistance (worn)
 L - the +1 helmet of Cocytus (worn) {Regen+ Str+3}

   It affects your strength (+3).
   It increases your rate of regeneration.
 X - the +1 chain mail of Impressiveness {*Contam rElec Dex+5 Stlth+}

   It affects your dexterity (+5).
   It insulates you from electricity.
   It causes magical contamination when unequipped.
   It makes you more stealthy.
 Y - the +2 ring mail "Erippepn" {*Contam rElec rPois Dex+3}

   It affects your dexterity (+3).
   It insulates you from electricity.
   It protects you from poison.
   It causes magical contamination when unequipped.
Jewellery
 i - an amulet of resist mutation (around neck)
 W - the ring "Turphool" (left hand) {rF+ rC+}

   [ring of protection from cold]

   It protects you from fire.
   It protects you from cold.
Wands
 t - a wand of enslavement (8)
 B - a wand of digging (0)
 J - a wand of magic darts (23)
 P - a wand of teleportation (7)
 Q - a wand of digging (15)
 S - a wand of paralysis (8)
Scrolls
 b - 2 scrolls of magic mapping {unknown}
 f - 2 scrolls of enchant weapon
 n - a scroll of immolation {unknown}
 q - 5 scrolls of remove curse
 s - a scroll of fear {unknown}
 x - a scroll of fog {unknown}
 A - a scroll of blinking {unknown}
 C - 4 scrolls of teleportation {unknown}
 G - 2 scrolls of recharging {unknown}
 M - a scroll of enchant armour {unknown}
 O - a scroll of vulnerability {unknown}
 R - 2 scrolls of torment {unknown}
Potions
 d - 3 potions of flight
 e - 2 potions of agility
 g - 5 potions of might
 j - 3 potions of poison
 l - a potion of magic {unknown}
 r - a potion of heal wounds {unknown}
 u - 6 potions of curing
 w - 2 potions of haste {unknown}
 H - a potion of resistance {unknown}
 K - 4 potions of invisibility {unknown}
 N - a potion of ambrosia {unknown}
Miscellaneous
 y - a stone of tremors
Comestibles
 c - 13 bread rations
 v - a royal jelly
 T - 3 slices of pizza
 U - 2 meat rations

Dungeon Overview and Level Annotations

Branches:
Dungeon (10/15)            Temple (1/1) D:7            Lair (2/8) D:9
    Orc (0/4) D:10

Altars:
Ashenzari
Cheibriados
Dithmenos
Elyvilon
Fedhas
Gozag
Kikubaaqudgha
Makhleb
Nemelex Xobeh
Okawaru
Qazlal
Ru
Sif Muna
Trog
Vehumet
Xom
Yredelemnul
Zin
The Shining One

Shops:
D:4 [

Annotations:
D:7 1 runed door


Message History

Mutagenic energies flood into your body!
You are contaminated with residual magic.
You start putting on your armour.
You continue putting on your transparent ring mail. x4
Your body shudders with the violent release of wild energies!
You feel frail.
You continue putting on your transparent ring mail.
You finish putting on the +2 ring mail "Erippepn" {*Contam rElec rPois Dex+3}.
Wear which item? (? for menu, Esc to quit)
Really take off
Y - the +2 ring mail "Erippepn" {*Contam rElec rPois Dex+3}?
You start removing your armour.
You continue taking off the +2 ring mail "Erippepn" {*Contam rElec rPois Dex+3}. x4
You finish taking off the +2 ring mail "Erippepn" {*Contam rElec rPois Dex+3}.
Mutagenic energies flood into your body!
You start putting on your armour.
You continue putting on your +0 plate armour. x5
You finish putting on your +0 plate armour.
You start waiting.
Your body shudders with the violent release of wild energies!
You feel yourself wasting away.
You start waiting.
Your body shudders with the violent release of wild energies!
You feel odd for a moment.
You start waiting.
Eating one of 6 chunks of flesh.
This raw flesh tastes terrible.
You continue eating. x2
All of the chunks of flesh in your inventory have rotted away.
Your body shudders with the violent release of wild energies!
Your natural regeneration is weakened.
You feel less contaminated with magical energies.
You start waiting.
Done waiting.
Autopickup is now off.
Autopickup is now on.
Are you sure you want to abandon this character and quit the game? (Confirm with "yes".)

#......P#
#......##
#......# #......#
#......# #......#
#......#
#......##
#....@..#
#......########.#
#................
#................
#................
#...............!
#................
#......!.........
##.##########P###


There were no monsters in sight!

Action                   |  1- 3 |  4- 6 |  7- 9 | 10-12 || total
-------------------------+-------+-------+-------+-------++-------
Melee: Hand axe          |    96 |   265 |   133 |       ||   494
       Battleaxe         |       |       |   214 |   255 ||   469
Invok: Berserk           |     2 |     6 |     4 |     3 ||    15
       Trog's Hand       |       |       |       |     1 ||     1
  Use: Scroll            |       |     3 |     5 |     8 ||    16
  Eat: Chunk             |     1 |    14 |     9 |    10 ||    34
       Beef jerky        |       |       |     2 |       ||     2
       Meat ration       |       |       |     1 |       ||     1
       Pizza             |       |       |       |     6 ||     6

Notes
Turn   | Place    | Note
--------------------------------------------------------------
     0 | D:1      | Duffy the Naga Berserker began the quest for the Orb.
     0 | D:1      | Reached XP level 1. HP: 21/21 MP: 1/1
   110 | D:3      | Reached XP level 2. HP: 28/28 MP: 2/2
   272 | D:2      | Reached XP level 3. HP: 34/34 MP: 3/3
   500 | D:1      | Reached ** piety under Trog
   569 | D:1      | Reached skill level 4 in Fighting
   852 | D:1      | Reached XP level 4. HP: 42/44 MP: 4/4
  1458 | D:2      | Found an iron altar of Okawaru.
  1459 | D:2      | Found a blossoming altar of Fedhas.
  1459 | D:2      | Found a shadowy altar of Dithmenos.
  1459 | D:2      | Found an opulent altar of Gozag.
  1551 | D:2      | Found a sparkling altar of Nemelex Xobeh.
  1551 | D:2      | Found an ancient bone altar of Kikubaaqudgha.
  2020 | D:3      | Noticed Natasha
  2023 | D:3      | Reached skill level 4 in Axes
  2032 | D:3      | Killed Natasha
  2032 | D:3      | Reached skill level 2 in Armour
  2032 | D:3      | Reached XP level 5. HP: 50/50 MP: 5/5
  2199 | D:3      | Noticed Natasha
  2205 | D:3      | Killed Natasha
  2221 | D:3      | Reached *** piety under Trog
  2397 | D:3      | Noticed Terence
  2410 | D:3      | Killed Terence
  2539 | D:3      | Noticed Natasha
  2546 | D:3      | Killed Natasha
  2698 | D:4      | Reached skill level 5 in Axes
  2724 | D:4      | Reached XP level 6. HP: 31/57 MP: 6/6
  2982 | D:4      | Found Isialaat's Antique Armour Emporium.
  2990 | D:4      | Bought a glowing cloak for 126 gold pieces
  3115 | D:4      | Reached skill level 6 in Axes
  3511 | D:4      | Reached XP level 7. HP: 57/64 MP: 7/7
  3914 | D:5      | Entered Level 5 of the Dungeon
  3956 | D:5      | Reached skill level 7 in Axes
  4268 | D:5      | Reached **** piety under Trog
  4375 | D:5      | Reached skill level 3 in Armour
  4899 | D:6      | Reached XP level 8. HP: 55/72 MP: 8/8
  4978 | D:6      | Noticed Pikel
  5000 | D:6      | Killed Pikel
  5000 | D:6      | Reached skill level 8 in Axes
  5000 | D:6      | Reached skill level 4 in Armour
  5043 | D:6      | Reached skill level 5 in Armour
  5106 | D:6      | Got a faintly humming helmet
  5112 | D:6      | Identified the +1 helmet of Cocytus {Regen+ Str+3} (You found it on level 6 of the Dungeon)
  5548 | D:7      | Reached skill level 9 in Axes
  5610 | D:7      | Found a runed door.
  5616 | D:7      | Found a basalt altar of Yredelemnul.
  5688 | D:7      | Reached XP level 9. HP: 78/78 MP: 9/9
  5871 | D:7      | Found a staircase to the Ecumenical Temple.
  5914 | Temple   | Entered the Ecumenical Temple
  6021 | D:7      | Reached skill level 10 in Axes
  6334 | D:4      | Bought a shimmering chain mail for 266 gold pieces
  6345 | D:4      | Identified the cursed +1 chain mail of the Elven Halls {rElec rPois Dex+4 Slay-5} (You bought it in a shop on level 4 of the Dungeon)
  6533 | D:8      | Reached skill level 11 in Axes
  6753 | D:8      | Found a white marble altar of Elyvilon.
  6903 | D:8      | Found an opulent altar of Gozag.
  7033 | D:8      | Reached skill level 12 in Axes
  7065 | D:8      | Reached XP level 10. HP: 84/86 MP: 10/10
  7227 | D:9      | Reached skill level 5 in Fighting
  7288 | D:9      | Found a white marble altar of Elyvilon.
  7483 | D:9      | Found a staircase to the Lair.
  7670 | D:9      | Noticed Erolcha
  7676 | D:9      | Killed Erolcha
  7676 | D:9      | Reached skill level 13 in Axes
  7804 | D:9      | Reached skill level 6 in Fighting
  8229 | D:10     | Entered Level 10 of the Dungeon
  8361 | D:10     | Noticed Snorg
  8370 | D:10     | Killed Snorg
  8370 | D:10     | Reached skill level 6 in Armour
  8370 | D:10     | Reached XP level 11. HP: 39/99 MP: 11/11
  8642 | D:10     | Got a heavily runed turquoise ring
  8643 | D:10     | Identified the ring "Turphool" {rF+ rC+} (You found it on level 10 of the Dungeon)
  8672 | D:10     | Noticed Maud
  8680 | D:10     | Reached ***** piety under Trog
  8687 | D:10     | Killed Maud
  8687 | D:10     | Reached skill level 7 in Fighting
  8840 | D:10     | Reached skill level 14 in Axes
  8970 | D:10     | Found a staircase to the Orcish Mines.
  9204 | Lair:1   | Entered Level 1 of the Lair of Beasts
  9337 | Lair:1   | You fall through a shaft!
  9439 | Lair:2   | Received a gift from Trog
  9469 | Lair:1   | Found a sparkling altar of Nemelex Xobeh.
  9720 | Lair:1   | Reached skill level 2 in Dodging
  9809 | Lair:1   | Got a crude chain mail
  9820 | Lair:1   | Identified the +1 chain mail of Impressiveness {*Contam rElec Dex+5 Stlth+} (You found it on level 1 of the Lair of Beasts)
  9825 | Lair:1   | Got a transparent ring mail
  9834 | Lair:1   | Gained mutation: You are frail (-10% HP). [mutagenic glow]
  9836 | Lair:1   | Identified the +2 ring mail "Erippepn" {*Contam rElec rPois Dex+3} (You found it on level 1 of the Lair of Beasts)
  9866 | Lair:1   | Gained mutation: Your body sometimes deteriorates upon taking damage. [mutagenic glow]
  9974 | Lair:1   | Gained mutation: You regenerate slowly when monsters are visible. [mutagenic glow]
 10075 | Lair:1   | Quit the game

Vault maps used:
D:1:      dpeg_arrival_pits, st_stairs_10, grunt_decor_mini_mirrors
D:2:      minmay_overflow_temple_hex, grunt_ministairs_1
D:3:      minmay_door_path, first_bread, minivault_5, minivault_23,
          uniq_natasha, uniq_terence
D:4:      serial_shops, nicolae_shop_trees
D:5:      minmay_mini_ossuary
D:6:      uniq_pikel
D:7:      minmay_temple_entry_mist, dk_yredelemnul_ordeal
D:8:      kennysheep_little_box, basic_altar
D:9:      grunt_lair_entry_elf_guard_hut, basic_altar, grunt_pizzeria,
          uniq_erolcha
D:10:     orc_0_dummy, uniq_snorg, uniq_maud
Temple:   circular_temple_12
Lair:1:   basic_altar, cheibrodos_lair_caveside_slide, serial_bayou_lake_a
Lair:2:   grunt_megastairs_2, serial_bayou_shore_b, infiniplex_staircase_pool,
          lemuel_fruit_fields

Vanquished Creatures
  Maud Snorg Erolcha Pikel
  A black mamba
  A spiny frog
  A troll
  A komodo dragon
  A deep elf fighter
  A spriggan
  A hippogriff
  12 yaks
  2 wyverns
  2 hungry ghosts
  An ice beast
  3 water moccasins
  A phantom
  3 ogres
  2 orc warriors
  An eye of draining
  A slave
  A black bear
  A necrophage
  4 crocodiles
  A big kobold
  2 centaurs
  9 giant frogs
  A gnoll sergeant
  A scorpion
  17 wights
  An electric eel
  3 crimson imps
  5 orc wizards
  An orc priest
  A giant frog zombie
  A centaur skeleton
  A jelly
  3 giant frog skeletons Terence
  6 hounds
  Natasha (thrice)
  4 iguanas
  5 worker ants
  4 sheep
  A mummy
  3 gnolls
  2 worker ant zombies
  10 adders
  2 river rats
  3 shadow imps
  2 oozes
  An adder zombie
  2 adder skeletons
  3 worms
  5 giant geckos
  31 orcs
  13 bats
  7 giant cockroaches
  6 goblins
  12 hobgoblins
  3 jackals
  10 kobolds
  A ball python
  9 giant newts
  A goblin skeleton
  A hobgoblin zombie
  A jackal skeleton
  3 kobold zombies
  5 quokkas
  18 rats
  6 fungi
  3 plants
279 creatures vanquished.
